 Dungeon Crawl Stone Soup version 0.31-a0-210-gccc998df9b (webtiles) character file.

Game seed: 8001246708843427178

264 qw the Shooter (level 5, 0/46 HPs)
             Began as a Minotaur Hexslinger on June 29, 2023.
             Slain by an ice beast (2 damage)
             ... on level 4 of the Dungeon.
             The game lasted 00:01:03 (2565 turns).

qw the Shooter (Minotaur Hexslinger)                Turns: 2565, Time: 00:01:03

Health: 0/46       AC:  5    Str: 13    XL:     5   Next: 98%
Magic:  5/5        EV: 11    Int: 10    God:
Gold:   237        SH:  0    Dex: 14    Spells: 5/6 levels left

rFire   + . .        Y - +2 sling
rCold   + . .        (no shield)
rNeg    . . .        f - +0 ring mail
rPois   .            (helmet restricted)
rElec   .            a - scarf {rC+ rF+}
rCorr   +            (no gloves)
SInv    .            (no boots)
Will    .....        (no amulet)
Stlth   +            e - ring of resist corrosion
HPRegen 0.27/turn    (no ring)
MPRegen 0.09/turn

%: no passive effects
@: no status effects
A: horns 2, retaliatory headbutt
a: no special abilities


You were on level 4 of the Dungeon.
You visited 1 branch of the dungeon, and saw 4 of its levels.

You collected 237 gold pieces.


Innate Abilities, Weirdness & Mutations

You have a pair of horns on your head.
You reflexively headbutt those who attack you in melee.


   Skills:
 - Level 3.9 Fighting
 - Level 6.0 Ranged Weapons
 + Level 0.0 Armour
 - Level 2.1 Dodging
 - Level 1.0 Spellcasting
 - Level 2.0 Hexes


You had 5 spell levels left.
You knew the following spells:

 Your Spells              Type           Power      Damage    Failure   Level
a - Slow                  Hex            16%        N/A       32%         1

Your spell library contained the following spells:

 Spells                   Type           Power      Damage    Failure   Level
 Inner Flame              Hex/Fire       2%         N/A       83%         3
 Portal Projectile        Hex/Tloc       4%         N/A       83%         3
 Cause Fear               Hex            2%         N/A       97%         4

Inventory:

Hand Weapons
 Y - a +2 sling (weapon)
Armour
 a - a scarf of resistance (worn)
 d - a +0 leather armour
 f - a +0 ring mail (worn)
Jewellery
 e - a ring of resist corrosion (left hand)
Scrolls
 c - 2 scrolls of identify
Potions
 b - a potion of enlightenment {unknown}

Dungeon Overview and Level Annotations

Branches:
Dungeon (4/15)             Temple (0/1) D:4

Altars:

Annotations:
D:4 3 runed translucent doors, qw's ghost, amateur DEHu


Message History

You finish putting on your +0 ring mail.
You shoot a sling bullet. The sling bullet hits the ice beast.
The ice beast is lightly wounded.
The ice beast hits you but does no damage.
The ice beast hits you. The ice beast freezes you. You resist.
You shoot a sling bullet.
The sling bullet barely misses the ice beast.
The ice beast hits you. The ice beast freezes you. You resist.
You shoot a sling bullet.
The sling bullet closely misses the ice beast.
The ice beast hits you. The ice beast freezes you. You resist.
You shoot a sling bullet. The sling bullet hits the ice beast.
The ice beast is lightly wounded.
The ice beast closely misses you.
You shoot a sling bullet.
The sling bullet hits the ice beast but does no damage.
The ice beast is lightly wounded.
The ice beast closely misses you.
You shoot a sling bullet.
The sling bullet hits the ice beast but does no damage.
The ice beast is lightly wounded.
The ice beast barely misses you. The ice beast hits you.
The ice beast freezes you. You resist.
You shoot a sling bullet.
The sling bullet closely misses the ice beast.
The ice beast closely misses you.
You shoot a sling bullet. The sling bullet hits the ice beast.
The ice beast is moderately wounded.
The ice beast completely misses you.
You shoot a sling bullet. The sling bullet hits the ice beast.
The ice beast is moderately wounded.
The ice beast hits you but does no damage.
You shoot a sling bullet.
The sling bullet closely misses the ice beast.
The ice beast hits you. The ice beast freezes you. You resist.
You shoot a sling bullet.
The sling bullet closely misses the ice beast.
The ice beast hits you. The ice beast freezes you. You resist.
The ice beast hits you.
You die...

. >.. .....##### #.
#..Y@.# #. ##.###.# #.
... #.#######.## #
#..........#
#.>######..###### #..#
#........ ####..#
#.......# #####.....#
#.......#
..........######.......#


You could see an ice beast.

Vanquished Creatures
  A hound (D:3)
  Natasha (thrice) (D:2)
  An orc wizard (D:3)
  4 adders
  3 worms
  3 dart slugs
  5 orcs
  2 ball pythons
  8 endoplasms
  4 giant cockroaches (D:2)
  7 goblins
  6 hobgoblins
  5 jackals
  7 kobolds
  3 bats
  6 frilled lizards
  7 rats
75 creatures vanquished.

Notes
Turn   | Place    | Note
-------+----------+-------------------------------------------
     0 | D:1      | qw the Minotaur Hexslinger began the quest for the Orb.
     0 | D:1      | Reached XP level 1. HP: 16/16 MP: 1/1
     0 | D:1      | 0 ||| qw: Version: 0.3-a-24-ga2abf7b
     0 | D:1      | 0 ||| qw: Game counter: 6839
     0 | D:1      | 0 ||| qw: Melee chars always use a shield: true
     0 | D:1      | 0 ||| qw: God list: Okawaru
     0 | D:1      | 0 ||| qw: Allow faded altars: false
     0 | D:1      | 0 ||| qw: Do Orc after clearing Dungeon:15 true
     0 | D:1      | 0 ||| qw: Do second Lair branch before Depths: true
     0 | D:1      | 0 ||| qw: Lair rune preference: random
     0 | D:1      | 0 ||| qw: Goals: Normal
     0 | D:1      | 0 ||| PLANNING D:1-11
    55 | D:1      | 55 ||| FLEEEEING.
    56 | D:1      | 56 ||| FLEEEEING.
    57 | D:1      | 57 ||| FLEEEEING.
    62 | D:1      | 62 ||| FLEEEEING.
    65 | D:1      | 65 ||| FLEEEEING.
    69 | D:1      | 69 ||| FLEEEEING.
    71 | D:1      | 71 ||| FLEEEEING.
    72 | D:1      | 72 ||| FLEEEEING.
    73 | D:1      | 73 ||| FLEEEEING.
    74 | D:1      | 74 ||| FLEEEEING.
    76 | D:1      | 76 ||| FLEEEEING.
    77 | D:1      | 77 ||| FLEEEEING.
    78 | D:1      | 78 ||| FLEEEEING.
    88 | D:1      | Reached skill level 3 in Ranged Weapons
    88 | D:1      | Reached XP level 2. HP: 20/23 MP: 2/2
   319 | D:1      | Found a faded altar of an unknown god.
   620 | D:1      | 620 ||| UPGRADING to +0 leather armour.
   630 | D:1      | 630 ||| DROPPING +0 robe.
   631 | D:1      | 631 ||| UPGRADING to ring of resist corrosion.
   632 | D:1      | 632 ||| READING 2 scrolls labelled PYKOME EMECOKK.
   633 | D:1      | 633 ||| READING scroll labelled IZXETREUSE.
   638 | D:1      | 638 ||| DROPPING scroll of summoning.
   639 | D:1      | 639 ||| DROPPING scroll of poison.
   712 | D:2      | Reached XP level 3. HP: 28/29 MP: 3/3
   888 | D:2      | Reached skill level 4 in Ranged Weapons
   965 | D:2      | Reached XP level 4. HP: 35/36 MP: 4/4
  1211 | D:2      | Noticed Natasha
  1224 | D:2      | Killed Natasha
  1225 | D:2      | Reached skill level 5 in Ranged Weapons
  1328 | D:2      | Noticed Natasha
  1334 | D:2      | Killed Natasha
  1335 | D:2      | Reached XP level 5. HP: 30/44 MP: 5/5
  1448 | D:2      | Identified the +1 dagger "Tasi" {flame, Dex+3}
  1498 | D:2      | Noticed Natasha
  1501 | D:2      | 1501 ||| Stepping ~*~*~tactically~*~*~ (outnumbered).
  1514 | D:2      | Killed Natasha
  1515 | D:2      | Reached skill level 3 in Fighting
  1785 | D:2      | 1785 ||| DROPPING ring of wizardry.
  1786 | D:2      | 1786 ||| READING 2 scrolls labelled LIYXKU ISUMO.
  1787 | D:2      | 1787 ||| READING scroll labelled OLIQIAQET TIDGH.
  2077 | D:3      | Reached skill level 6 in Ranged Weapons
  2371 | D:3      | You fall into a shaft and drop 1 floor!
  2509 | D:4      | Found a runed translucent gate.
  2510 | D:4      | Found a runed translucent gate.
  2510 | D:4      | Found a runed translucent gate.
  2511 | D:4      | Noticed qw's ghost (amateur DEHu)
  2531 | D:4      | Found a staircase to the Ecumenical Temple.
  2532 | D:4      | 2532 ||| PLANNING TEMPLE
  2540 | D:4      | 2540 ||| UPGRADING to scarf of resistance.
  2543 | D:4      | Noticed an ice beast
  2545 | D:4      | 2545 ||| UPGRADING to +0 ring mail.
  2560 | D:4      | HP: 10/46 [ice beast (4)]
  2565 | D:4      | HP: 5/46 [ice beast (1)]
  2565 | D:4      | HP: 2/46 [ice beast (3)]
  2565 | D:4      | Slain by an ice beast

Levels and vault maps discovered:
D:1:      minmay_arrival_semitransparent, layout_basic,
          hellmonk_ecumenical_altar_leap_of_faith,
          chequers_serial_rivers_micro_c
D:2:      minmay_thinvault, layout_rooms, uniq_natasha
D:3:      layout_loops_corners
D:4:      layout_loops_ring, tso_oasis_becter, minmay_temple_entry_stoned_glass,
          gammafunk_ghost_split

Skill      XL: |  1  2  3  4  5 |
---------------+----------------+-----
Ranged Weapons | 3 4 5 6 |  6.0
Fighting       | 2 3 |  3.9
Dodging        | |  2.1
Spellcasting   | |  1.0
Hexes          | |  2.0

Action                     |  1- 3 |  4- 6 || total
---------------------------+-------+-------++-------
   Fire: Sling             |   104 |   152 ||   256
    Use: Scroll            |     2 |     2 ||     4
 Armour: Robe              |     4 |       ||     4
         Leather armour    |     1 |     9 ||    10
         Ring mail         |       |     2 ||     2
  Dodge: Dodged            |    42 |    63 ||   105

Table legend:
 A = Non-vault XP
 B = Vault XP
 C = Vault XP percentage of total XP
 D = Non-vault monster count
 E = Vault monster count
 F = Vault count percentage of total count
                 A         B        C        D         E       F
            +---------+---------+-------+---------+---------+-------
      Total |     276 |     102 |  27.0 |      58 |      17 |  22.7
            +---------+---------+-------+---------+---------+-------
        D:1 |      38 |       0 |   0.0 |      21 |       0 |   0.0
        D:2 |      99 |     102 |  50.7 |      16 |      17 |  51.5
        D:3 |     115 |       0 |   0.0 |      12 |       0 |   0.0
        D:4 |      24 |       0 |   0.0 |       9 |       0 |   0.0
            +---------+---------+-------+---------+---------+-------
